 Dungeon Crawl Stone Soup version 0.31-a0-626-g8143ab4f1d (webtiles) character file.

Game seed: 4333594788027599490

30 subawu the Grasshopper (level 3, -1/31 HPs)
             Began as a Gnoll Warper on Aug 24, 2023.
             Slain by a quokka (3 damage)
             ... on level 1 of the Dungeon.
             The game lasted 00:03:09 (324 turns).

subawu the Grasshopper (Gnoll Warper)                Turns: 324, Time: 00:03:09

Health: -1/31      AC:  6    Str: 12    XL:     3   Next: 20%
Magic:  8/9        EV: 12    Int: 12    God:
Gold:   17         SH:  0    Dex: 11    Spells: 12/12 levels left

rFire   . . .        a - +0 mace
rCold   . . .        (no shield)
rNeg    . . .        b - +0 leather armour
rPois   .            (no helmet)
rElec   .            (no cloak)
rCorr   .            f - +2 pair of gloves
SInv    .            (no boots)
Will    .....        (no amulet)
Stlth   +            (no ring)
HPRegen 0.25/turn    (no ring)
MPRegen 0.11/turn

%: no passive effects
@: no status effects
A: fangs 1, strong nose, distributed training
a: no special abilities


You were on level 1 of the Dungeon.
You visited 1 branch of the dungeon, and saw 1 of its levels.

You collected 17 gold pieces.

Inventory:

Hand Weapons
 a - a +0 mace (weapon)
Missiles
 d - 7 darts of dispersal (quivered)
 e - 11 stones
Armour
 b - a +0 leather armour (worn)
 f - a +2 pair of gloves (worn)


   Skills:
 + Level 4.5 Fighting
 + Level 0.7 Short Blades
 + Level 0.7 Long Blades
 + Level 0.7 Axes
 + Level 4.5 Maces & Flails
 + Level 0.7 Polearms
 + Level 0.7 Staves
 + Level 0.7 Ranged Weapons
 + Level 2.6 Throwing
 + Level 2.6 Armour
 + Level 4.5 Dodging
 + Level 0.7 Stealth
 + Level 0.7 Shields
 + Level 0.7 Unarmed Combat
 + Level 5.0 Spellcasting
 + Level 0.5 Conjurations
 + Level 0.5 Hexes
 + Level 0.5 Summonings
 + Level 0.5 Necromancy
 + Level 5.4 Translocations
 + Level 0.5 Transmutations
 + Level 0.5 Fire Magic
 + Level 0.5 Ice Magic
 + Level 0.5 Air Magic
 + Level 0.5 Earth Magic
 + Level 0.5 Poison Magic
 + Level 0.9 Invocations
 + Level 0.7 Evocations
 + Level 0.6 Shapeshifting


You had 12 spell levels left.
You didn't know any spells.
Your spell library contained the following spells:

 Spells                   Type           Power      Damage    Failure   Level
 Blink                    Tloc           32%        N/A       4%          2
 Lesser Beckoning         Tloc           32%        N/A       4%          2
 Teleport Other           Tloc           16%        N/A       9%          3
 Vhi's Electric Charge    Tloc/Air       20%        N/A       22%         3
 Manifold Assault         Tloc           16%        N/A       26%         4


Dungeon Overview and Level Annotations

Branches:
Dungeon (1/15)

Altars:


Innate Abilities, Weirdness & Mutations

You have very sharp teeth.
Your uncanny sense of smell can sniff out nearby items.
Your experience applies equally to all skills.


Message History

You kill the frilled lizard!
The quokka barely misses you. The goblin closely misses you.
The quokka misses you. The goblin closely misses you.
The quokka bites you but does no damage.
You see here a +0 flail.
You miss the goblin. The goblin hits you with a +0 falchion.
* * * LOW HITPOINT WARNING * * *
The quokka bites you but does no damage.
The goblin completely misses you.
You closely miss the goblin. The quokka barely misses you.
The goblin closely misses you. The quokka closely misses you.
You hit the goblin.
The goblin is moderately wounded.
The dart slug bites you but does no damage.
The quokka bites you.
* * * LOW HITPOINT WARNING * * *
The goblin misses you.
You hit the goblin.
The goblin is severely wounded.
The quokka bites you but does no damage.
The goblin barely misses you. The dart slug launches a dart at you.
The slug dart hits you but does no damage.
The quokka barely misses you.
You closely miss the goblin.
The goblin is severely wounded.
The goblin barely misses you. The quokka completely misses you.
The dart slug bites you.
* * * LOW HITPOINT WARNING * * *
You closely miss the goblin. You bite the goblin.
You kill the goblin!
The quokka barely misses you. The dart slug misses you. The quokka misses you.
The quokka closely misses you.
Things that are here:
a +0 falchion; 6 gold pieces; a goblin corpse You hit the quokka but do no damage.
The dart slug bites you.
* * * LOW HITPOINT WARNING * * *
The quokka bites you.
You die...

#.......∆ ......#
#.....# #.....## ......
.... #.## ###
#.w####...>
####.@)#....#
#####....r...# #
#.....####...### .# ..
##.##### ###...##.#..#
##..# #.......#
#..##### ###......#
#...)..## #....##...#
######..#####.##.## #
##########........##..#
∆


You could see a dart slug and a quokka.

Vanquished Creatures
  A gnoll (D:1)
  An endoplasm (D:1)
  A giant cockroach (D:1)
  4 goblins (D:1)
  A hobgoblin (D:1)
  A jackal (D:1)
  3 ball pythons (D:1)
  A bat (D:1)
  4 frilled lizards (D:1)
  2 kobolds (D:1)
  A rat (D:1)
20 creatures vanquished.

Notes
Turn   | Place    | Note
-------+----------+-------------------------------------------
     0 | D:1      | subawu the Gnoll Warper began the quest for the Orb.
     0 | D:1      | Reached XP level 1. HP: 20/20 MP: 6/6
   159 | D:1      | Reached XP level 2. HP: 22/26 MP: 7/7
   314 | D:1      | Reached skill level 5 in Spellcasting
   314 | D:1      | Reached XP level 3. HP: 9/31 MP: 7/9
   324 | D:1      | Slain by a quokka

Illustrated notes

Levels and vault maps discovered:
D:1:      dpeg_arrival_oval, layout_rooms, serial_shops,
          nicolae_shop_statue_plus, minmay_pentomino_w4

Skill      XL: |  1  2 |
---------------+-------+-----
Spellcasting   | 5 |  5.0
Fighting       | |  4.5
Short Blades   | |  0.7
Long Blades    | |  0.7
Axes           | |  0.7
Maces & Flails | |  4.5
Polearms       | |  0.7
Staves         | |  0.7
Ranged Weapons | |  0.7
Throwing       | |  2.6
Armour         | |  2.6
Dodging        | |  4.5
Stealth        | |  0.7
Shields        | |  0.7
Unarmed Combat | |  0.7
Conjurations   | |  0.5
Hexes          | |  0.5
Summonings     | |  0.5
Necromancy     | |  0.5
Translocations | |  5.4
Transmutations | |  0.5
Fire Magic     | |  0.5
Ice Magic      | |  0.5
Air Magic      | |  0.5
Earth Magic    | |  0.5
Poison Magic   | |  0.5
Invocations    | |  0.9
Evocations     | |  0.7
Shapeshifting  | |  0.6

Action                     || total
---------------------------++-------
  Melee: Mace              ||    63
         Bite              ||     5
         Punch             ||     2
    Use: Scroll            ||     1
 Armour: Leather armour    ||    37
  Dodge: Dodged            ||    84

Table legend: (Time is in decaauts)
 A = Elapsed time spent in this place.
 B = Non-inter-level travel time spent in this place.
 C = Inter-level travel time spent in this place.
 D = Time resting spent in this place.
 E = Time spent auto-exploring this place.
 F = Levels seen in this place.
 G = Mean time per level.
                   A        B        C        D        E       F      G
               +--------+--------+--------+--------+--------+-----+--------+
         Total |    335 |    307 |     28 |      4 |      0 |   1 |  335.0 |
       Dungeon |    335 |    307 |     28 |      4 |      0 |   1 |  335.0 |
               +--------+--------+--------+--------+--------+-----+--------+

Top non-repeatable levels by time:
     D:1: 335 daAuts
